 Dungeon Crawl Stone Soup version 0.24-a0-619-gb7544fd237 (webtiles) character file.

Game seed: 9908762936130263569, levelgen mode: deterministic

1031 Engwar the Conjurer (level 8, -3/74 HPs)
             Began as an Ogre Gladiator on Sept 18, 2019.
             Was a Priest of Vehumet.
             Slain by an ogre
             ... wielding a +0 giant club
              (12 damage)
             ... on level 5 of the Dungeon.
             The game lasted 00:12:51 (4118 turns).

Engwar the Conjurer (Ogre Gladiator)                Turns: 4118, Time: 00:12:52

Health: -3/74      AC:  7    Str: 20    XL:     8   Next: 23%
Magic:  8/12       EV: 10    Int: 10    God:    Vehumet [***...]
Gold:   278        SH:  0    Dex: 10    Spells: 2/13 levels left

rFire    . . .     SeeInvis .   a - +0 flail
rCold    + . .     Gourm    .   (no shield)
rNeg     . . .     Faith    .   b - +0 robe
rPois    .         Spirit   .   u - +2 hat
rElec    .         Reflect  .   j - +0 cloak
rCorr    .         Harm     .   (gloves unavailable)
MR       .....                  (boots unavailable)
Stlth    +.........             l - amulet of regeneration
HPRegen  0.62/turn              m - +1 ring of protection
MPRegen  0.13/turn              i - ring of protection from cold

@: no status effects
A: large, unfitting armour, tough skin 1
a: Renounce Religion


You were on level 5 of the Dungeon.
You worshipped Vehumet.
Vehumet was most pleased with you.
You were not hungry.

You visited 1 branch of the dungeon, and saw 5 of its levels.

You collected 278 gold pieces.

Inventory:

Hand Weapons
 a - a +0 flail (weapon)
Missiles
 d - 3 throwing nets (quivered)
Armour
 b - a +0 robe (worn)
 j - a +0 cloak (worn)
 u - a +2 hat (worn)
Jewellery
 i - a ring of protection from cold (right hand)
 l - an amulet of regeneration (around neck)
 m - a +1 ring of protection (left hand)
Wands
 q - a wand of acid (9)
Scrolls
 h - 2 scrolls of remove curse
 p - a scroll of blinking
 s - a scroll of teleportation
 t - 2 scrolls of identify
Potions
 e - 6 potions of curing
 g - a potion of brilliance
 k - a potion of resistance
 n - 2 potions of cancellation
 o - 2 potions of magic
 r - a potion of flight {unknown}
Comestibles
 c - 3 chunks of flesh
 f - 11 rations


   Skills:
 - Level 2.6 Fighting
 - Level 4.8 Maces & Flails
 - Level 2.0 Throwing
 - Level 2.6 Dodging
 - Level 3.1 Spellcasting
 + Level 6.8 Conjurations


You had 2 spell levels left.
You knew the following spells:

 Your Spells              Type           Power        Failure   Level  Hunger
a - Magic Dart            Conj           ###.         1%          1    #......
b - Throw Flame           Conj/Fire      #.....       3%          2    ###....
c - Blink                 Tloc           N/A          38%         2    ###....
d - Mephitic Cloud        Conj/Pois/Air  #.......     9%          3    ###....
e - Conjure Flame         Conj/Fire      #.......     5%          3    ###....

Your spell library contained the following spells:

 Spells                   Type           Power        Failure   Level  Hunger
 Inner Flame              Hex/Fire       #.......     21%         3    ###....
 Call Imp                 Summ           #.......     38%         2    ###....
 Slow                     Hex            #.......     38%         2    ###....


Dungeon Overview and Level Annotations

Branches:
Dungeon (5/15)
 Temple: D:4-7

Altars:
Vehumet

Shops:
D:5 [

Annotations:
D:5 Grinder


Innate Abilities, Weirdness & Mutations

You are too large for most types of armour.
You have tough skin. (AC +1)


Message History

The ogre barely misses you.
You hit the ogre but do no damage.
The ogre is heavily wounded.
The ogre seems less confused.
The ogre hits you with a +0 giant club!
You hit the ogre.
The ogre is severely wounded.
The ogre hits you with a +0 giant club!
* * * LOW HITPOINT WARNING * * *
You barely miss the ogre.
The ogre is severely wounded.
You hit the ogre but do no damage.
The ogre is severely wounded.
The ogre hits you with a +0 giant club!
* * * LOW HITPOINT WARNING * * *
The worker ant bites you.
* * * LOW HITPOINT WARNING * * *
You barely miss the ogre.
The ogre is severely wounded.
The ogre hits you with a +0 giant club!
You die...

#############
###...........#
#........####.#
.......).####.##########
................O...$...
.........###.###@.......
.........###.###.a..####
.#.##..####...##....#
....................#
#......####...##...##
.#.##.## ##.####.##
....#.# #.# .# ......#
#.# .# ....#.# #.# ..


You could see an ogre and a worker ant (confused).

Vanquished Creatures
  An ogre (D:4)
  A big kobold (D:3)
  A bullfrog (D:3)
  A scorpion (D:5)
  A jelly (D:5)
  A centaur skeleton (D:4)
  4 orc priests
  A bullfrog skeleton (D:5)
  9 orc wizards
  3 worker ants
  2 hound skeletons
  6 adders
  A shadow imp (D:4)
  An ooze (D:3)
  2 worms
  6 dart slugs
  5 leopard geckos
  20 orcs
  11 bats
  A giant cockroach (D:1)
  5 goblins
  6 hobgoblins
  6 jackals
  2 quokkas
  2 ball pythons
  A ball python skeleton (D:4)
  4 frilled lizards
  3 jackal skeletons
  8 kobolds
  A quokka skeleton (D:5)
  A quokka zombie (D:4)
  8 rats
125 creatures vanquished.

Notes
Turn   | Place    | Note
-------+----------+-------------------------------------------
     0 | D:1      | Engwar the Ogre Gladiator began the quest for the Orb.
     0 | D:1      | Reached XP level 1. HP: 22/22 MP: 1/1
   108 | D:1      | Reached XP level 2. HP: 28/29 MP: 2/2
   358 | D:1      | Reached XP level 3. HP: 35/36 MP: 3/3
  1358 | D:2      | Reached XP level 4. HP: 40/44 MP: 4/4
  1606 | D:2      | Found a faded altar of an unknown god.
  1681 | D:2      | Became a worshipper of Vehumet
  1681 | D:2      | Reached * piety under Vehumet
  1681 | D:2      | Offered knowledge of Magic Dart by Vehumet.
  1684 | D:2      | Learned a level 1 spell: Magic Dart
  1847 | D:3      | Noticed a bullfrog
  1847 | D:3      | Noticed a big kobold
  1917 | D:3      | Reached skill level 1 in Spellcasting
  1917 | D:3      | Reached skill level 1 in Conjurations
  1917 | D:3      | Reached XP level 5. HP: 50/50 MP: 2/6
  1941 | D:3      | Killed a big kobold
  1941 | D:3      | Reached skill level 2 in Conjurations
  1947 | D:3      | Reached XP level 6. HP: 52/59 MP: 3/9
  2156 | D:3      | Reached ** piety under Vehumet
  2156 | D:3      | Offered knowledge of Throw Flame by Vehumet.
  2160 | D:3      | Learned a level 2 spell: Throw Flame
  2232 | D:3      | Reached skill level 3 in Conjurations
  2479 | D:3      | Reached XP level 7. HP: 64/66 MP: 11/11
  2531 | D:4      | Reached skill level 4 in Conjurations
  2719 | D:4      | Offered knowledge of Inner Flame by Vehumet.
  2819 | D:4      | Reached skill level 5 in Conjurations
  3187 | D:4      | Learned a level 2 spell: Blink
  3191 | D:4      | Learned a level 3 spell: Mephitic Cloud
  3195 | D:4      | Learned a level 3 spell: Conjure Flame
  3382 | D:5      | Entered Level 5 of the Dungeon
  3512 | D:5      | Noticed Grinder
  3746 | D:4      | Reached skill level 6 in Conjurations
  3830 | D:5      | Reached *** piety under Vehumet
  3830 | D:5      | Reached XP level 8. HP: 68/74 MP: 8/12
  4026 | D:5      | Found Vittecko's Antique Armour Emporium.
  4118 | D:5      | Slain by an ogre

Levels and vault maps discovered:
D:1:      saegor_arrival_simple_d, layout_loops_ring, chequers_arboretum
D:2:      layout_basic, chequers_ecumenical_altar_simple
D:3:      layout_rooms, first_ration, dk_noncrumbling_3
D:4:      layout_loops_ring, grunt_ministairs_15
D:5:      layout_loops_ring, marbit_many_paths, serial_shops, shop, uniq_grinder

Skill      XL: |  1  2  3  4  5  6  7 |
---------------+----------------------+-----
Maces & Flails | 3 4 |  4.8
Spellcasting   | 1 2 3 |  3.1
Conjurations   | 1 2 3 6 |  6.8
Fighting       | |  2.6
Throwing       | |  2.0
Dodging        | |  2.6

Action                   |  1- 3 |  4- 6 |  7- 9 || total
-------------------------+-------+-------+-------++-------
Melee: Flail             |   123 |   156 |   224 ||   503
 Cast: Magic Dart        |       |    24 |    26 ||    50
       Mephitic Cloud    |       |       |     2 ||     2
  Use: Scroll            |     2 |     4 |     2 ||     8
       Potion            |     1 |       |       ||     1
 Stab: Sleeping          |     1 |       |       ||     1
       Distracted        |       |     1 |       ||     1
       Confused          |       |       |     1 ||     1
  Eat: Chunk             |     2 |     4 |     7 ||    13
Armor: Robe              |    72 |    47 |    88 ||   207
Dodge: Dodged            |    75 |    98 |   113 ||   286

Table legend:
 A = Non-vault XP
 B = Vault XP
 C = Vault XP percentage of total XP
 D = Non-vault monster count
 E = Vault monster count
 F = Vault count percentage of total count
                 A         B        C        D         E       F
            +---------+---------+-------+---------+---------+-------
      Total |    1469 |       4 |   0.3 |     123 |       2 |   1.6
            +---------+---------+-------+---------+---------+-------
        D:1 |      42 |       0 |   0.0 |      23 |       0 |   0.0
        D:2 |      97 |       0 |   0.0 |      26 |       0 |   0.0
        D:3 |     483 |       0 |   0.0 |      34 |       0 |   0.0
        D:4 |     462 |       4 |   0.9 |      26 |       2 |   7.1
        D:5 |     385 |       0 |   0.0 |      14 |       0 |   0.0
            +---------+---------+-------+---------+---------+-------
